 Dungeon Crawl Stone Soup version 0.23.2-30-g0e89c35649 (webtiles) character file.

Game seed: 803128570090747447

2640 colophon the Covert (level 9, 0/52 (54) HPs)
             Began as a Kobold Enchanter on June 18, 2019.
             Was a Believer of Okawaru.
             Slain by a manticore (4 damage)
             ... on level 11 of the Dungeon on June 19, 2019.
             The game lasted 00:54:30 (10963 turns).

colophon the Covert (Kobold Enchanter)             Turns: 10963, Time: 00:54:30

HP:   0/52 (54)     AC: 12    Str:  5    XL:     9   Next: 92%
MP:   7/15          EV: 17    Int: 18    God:    Okawaru [**....]
Gold: 385           SH:  5    Dex: 17    Spells: 10/16 levels left

rFire    . . .     SeeInvis .   l - +2 dagger (drain)
rCold    . . .     Gourm    .   n - +1 buckler {AC+3}
rNeg     . . .     Faith    .   G - +2 leather armour {rPois}
rPois    +         Spirit   .   k - +2 helmet
rElec    .         Reflect  .   (no cloak)
rCorr    .         Harm     .   o - +0 pair of gloves
MR       .....                  (no boots)
Stlth    ++++......             C - amulet of the acrobat
HPRegen  0.17/turn              c - ring of poison resistance
MPRegen  0.14/turn              (no ring)

@: barbed spikes, very slightly contaminated
A: small, carnivore
a: Heroism, Renounce Religion


You were on level 11 of the Dungeon.
You worshipped Okawaru.
Okawaru was pleased with you.
You were full.

You visited 2 branches of the dungeon, and saw 10 of its levels.

You collected 490 gold pieces.
You spent 105 gold pieces at shops.

Inventory:

Hand Weapons
 l - a +2 dagger of draining (weapon)
 y - a +0 hand crossbow
Missiles
 p - 43 bolts
Armour
 k - a +2 helmet (worn)
 n - a +1 buckler of protection (worn)
 o - a +0 pair of gloves (worn)
 G - a +2 leather armour of poison resistance (worn)
Jewellery
 c - a ring of poison resistance (left hand)
 h - an uncursed amulet of regeneration
 C - an amulet of the acrobat (around neck)
Wands
 q - a wand of digging (3)
 H - a wand of flame (14)
Scrolls
 a - 2 scrolls of amnesia
 g - 6 scrolls of blinking
 j - a scroll of teleportation
 r - 2 scrolls of enchant armour
 t - a scroll of identify
 v - a scroll of immolation {unknown}
 A - a scroll of remove curse
 B - a scroll of enchant weapon {unknown}
 D - a scroll of magic mapping
 F - a scroll of holy word {unknown}
Potions
 b - a potion of might {unknown}
 e - a potion of haste {unknown}
 f - 4 potions of curing
 i - 2 potions of agility {unknown}
 m - 3 potions of flight {unknown}
 s - a potion of ambrosia {unknown}
 u - a potion of brilliance {unknown}
 w - a potion of heal wounds {unknown}
 x - a potion of resistance {unknown}
 z - 2 potions of cancellation {unknown}
 E - a potion of mutation {unknown}
Comestibles
 d - 16 rations


   Skills:
 - Level 5.1 Fighting
 + Level 6.3 Short Blades
 + Level 4.7 Crossbows
 + Level 7.3 Dodging
 + Level 9.2 Stealth
 + Level 4.2 Spellcasting
 - Level 4.0 Hexes
 - Level 3.0 Ice Magic


You had 10 spell levels left.
You knew the following spells:

 Your Spells              Type           Power        Failure   Level  Hunger
a - Corona                Hex            ###....      8%          1    None
b - Ensorcelled Hibernat  Hex/Ice        ###...       14%         2    ##.....
c - Confuse               Hex            ###.....     22%         3    ###....

Your spell library contained the following spells:

 Spells                   Type           Power        Failure   Level  Hunger
 Confusing Touch          Hex            ###...       8%          1    None
 Tukima's Dance           Hex            ###.....     22%         3    ###....
 Flame Tongue             Conj/Fire      #....        38%         1    None
 Dazzling Spray           Conj/Hex       ##....       47%         3    ###....
 Inner Flame              Hex/Fire       ##......     47%         3    ###....
 Throw Flame              Conj/Fire      #.....       52%         2    ##.....
 Conjure Flame            Conj/Fire      #.......     77%         3    ###....
 Gell's Gravitas          Tloc           #.........   77%         3    ###....
 Metabolic Englaciation   Hex/Ice        ###.......   95%         5    ######.
 Petrify                  Tmut/Erth      #.......     99%         4    ####...
 Sticky Flame             Conj/Fire      #.......     99%         4    ####...
 Yara's Violent Unravell  Hex/Tmut       ##........   99%         5    ######.
 Fireball                 Conj/Fire      #.........   100%        5    ######.


Dungeon Overview and Level Annotations

Branches:
Dungeon (8/15)             Temple (1/1) D:5
   Lair: D:8-11

Altars:
Ashenzari
Dithmenos
Elyvilon
Fedhas
Gozag
Hepliaklqana
Kikubaaqudgha
Nemelex Xobeh
Okawaru
Qazlal
Sif Muna
Trog
Vehumet
Wu Jian
Xom
Yredelemnul
Zin
The Shining One

Shops:
D:5 (

Annotations:
D:3 2 transporters, akello96's ghost, amateur OpTm


Innate Abilities, Weirdness & Mutations

You are small and have problems with some larger weapons.
You are carnivorous and can eat meat at any time.


Message History

Press: ? - help, Shift-Dir - straight line, f/p - manticore
Aim: a manticore (chance to defeat MR: 29%)
You miscast Ensorcelled Hibernation.
You are very lightly contaminated with residual magic.
Nothing appears to happen.
Casting: Ensorcelled Hibernation (safe; 14% risk of failure)
Confirm with . or Enter, or press ? or * to list all spells.
Aiming: Ensorcelled Hibernation (safe; 14% risk of failure)
Press: ? - help, Shift-Dir - straight line, f/p - manticore
Aim: a manticore (chance to defeat MR: 29%)
The manticore easily resists.
The manticore bites you! The manticore claws you. x2
You hit the manticore but do no damage. The manticore bites you.
* * * LOW HITPOINT WARNING * * *
The manticore barely misses you. The manticore closely misses you.
You hit the manticore but do no damage. You drain the manticore.
The manticore is lightly wounded.
The manticore misses you. The manticore claws you!
* * * LOW HITPOINT WARNING * * *
The manticore claws you.
You die...

#.#.....#
#.#####.#
#.^.....#
#####'###
#.# ##.#
#..#
####'#######
#...@^......
#..$.H......
#...........
#...........
#...........
#...........
#..........?
####+#######


You could see a manticore.

Vanquished Creatures
  A spriggan (D:7)
  A wyvern (D:8)
  A water moccasin (D:5)
  4 orc warriors
  A sky beast (D:6)
  2 necrophages
  2 ogres
  3 scorpions (D:4)
  5 killer bees (D:7)
  4 howler monkeys
  A bullfrog zombie (D:6)
  3 crimson imps
  2 centaur skeletons
  4 hounds
  3 orc priests
  A bullfrog skeleton (D:6)
  2 iguanas
  3 orc wizards
  Natasha (twice) (D:3)
  A worker ant zombie (D:6)
  6 gnolls
  A howler monkey skeleton (D:7)
  3 adders
  A shadow imp (D:5)
  A white imp (D:5)
  3 oozes
  An adder zombie (D:8)
  An adder skeleton (D:7)
  4 worms
  4 dart slugs
  8 leopard geckos
  21 orcs
  7 bats
  5 giant cockroaches
  7 goblins
  10 hobgoblins
  2 jackals (D:6)
  6 kobolds (D:1)
  A quokka (D:4)
  2 ball pythons
  6 frilled lizards
  2 goblin skeletons (D:5)
  3 hobgoblin zombies (D:5)
  2 kobold skeletons (D:5)
  2 leopard gecko skeletons
  An orc skeleton (D:5)
  An orc zombie (D:5)
  13 rats
170 creatures vanquished.

Notes
Turn   | Place    | Note
-------+----------+-------------------------------------------
     0 | D:1      | colophon the Kobold Enchanter began the quest for the Orb.
     0 | D:1      | Reached XP level 1. HP: 10/10 MP: 3/3
   371 | D:1      | Reached XP level 2. HP: 7/16 MP: 0/5
   375 | D:1      | Learned a level 2 spell: Ensorcelled Hibernation
  1349 | D:1      | Reached skill level 1 in Fighting
  1349 | D:1      | Reached XP level 3. HP: 20/20 MP: 6/6
  2511 | D:2      | Reached XP level 4. HP: 25/25 MP: 0/7
  2917 | D:2      | Found a bloodstained altar of Trog.
  2917 | D:2      | Found an opulent altar of Gozag.
  3158 | D:2      | Found a shattered altar of Ashenzari.
  3664 | D:3      | Found a transporter.
  3664 | D:3      | Noticed akello96's ghost (amateur OpTm)
  3665 | D:3      | Noticed an ogre
  3666 | D:3      | Identified the +1 dire flail "Lucliu Layci" {freeze, MR++
                  | Int+6 Dex-2}
  3666 | D:3      | Noticed an ogre
  3668 | D:3      | Found a transporter.
  3921 | D:3      | Reached XP level 5. HP: 30/30 MP: 9/9
  4272 | D:3      | Reached skill level 5 in Stealth
  4277 | D:3      | Learned a level 3 spell: Confuse
  4301 | D:3      | Found a sparkling altar of Nemelex Xobeh.
  4633 | D:3      | Noticed Natasha
  4637 | D:3      | Killed Natasha
  4830 | D:3      | Noticed Natasha
  4846 | D:3      | Killed Natasha
  4973 | D:4      | Reached skill level 1 in Ice Magic
  4973 | D:4      | Reached XP level 6. HP: 32/36 MP: 7/10
  5441 | D:4      | Reached XP level 7. HP: 41/41 MP: 11/11
  5469 | D:4      | Reached skill level 6 in Stealth
  5535 | D:4      | Found a shadowy altar of Dithmenos.
  5569 | D:5      | Entered Level 5 of the Dungeon
  6138 | D:5      | Found a deep blue altar of Sif Muna.
  6262 | D:5      | Found an ornate altar of the Wu Jian Council.
  6540 | D:5      | Noticed a water moccasin
  6557 | D:5      | Killed a water moccasin
  6557 | D:5      | Reached XP level 8. HP: 48/48 MP: 10/13
  6586 | D:5      | Found a staircase to the Ecumenical Temple.
  6595 | Temple   | Entered the Ecumenical Temple
  6681 | Temple   | Became a worshipper of Warmaster Okawaru
  6742 | D:5      | Reached skill level 5 in Dodging
  6838 | D:5      | Found Xiumn's Antique Weapon Emporium.
  6875 | D:5      | Bought a hand crossbow for 105 gold pieces
  7012 | D:5      | Reached skill level 5 in Short Blades
  7051 | D:5      | Found a glowing golden altar of the Shining One.
  7479 | D:5      | Found a glowing silver altar of Zin.
  7480 | D:5      | Noticed an angel
  7723 | D:6      | Reached skill level 7 in Stealth
  7754 | D:5      | Reached skill level 1 in Crossbows
  7899 | D:6      | Found an iron altar of Okawaru.
  8482 | D:6      | Found a shimmering altar of Xom.
  8593 | D:5      | Reached * piety under Okawaru
  8766 | D:6      | Reached XP level 9. HP: 39/51 MP: 12/15
  8934 | D:6      | Reached skill level 8 in Stealth
  9615 | D:7      | Found a white marble altar of Elyvilon.
  9769 | D:7      | Reached ** piety under Okawaru
 10092 | D:7      | Found a stormy altar of Qazlal.
 10683 | D:7      | Reached skill level 9 in Stealth
 10722 | D:8      | Found a blossoming altar of Fedhas.
 10768 | D:8      | Reached skill level 5 in Fighting
 10928 | D:8      | You fall through a shaft for 3 floors!
 10948 | D:11     | Noticed a manticore
 10963 | D:11     | Slain by a manticore

Skill      XL: |  1  2  3  4  5  6  7  8  9 |
---------------+----------------------------+-----
Short Blades   | 2 3 4 6 |  6.3
Fighting       | 1 2 3 4 5 |  5.1
Dodging        | 3 4 6 7 |  7.3
Stealth        | 5 6 7 9 |  9.2
Spellcasting   | 3 4 |  4.2
Ice Magic      | 1 2 3 |  3.0
Crossbows      | 2 4 |  4.7
Hexes          | 4 |  4.0

Action                   |  1- 3 |  4- 6 |  7- 9 || total
-------------------------+-------+-------+-------++-------
Melee: Dagger            |    83 |    87 |   212 ||   382
 Fire: Hand crossbow     |       |       |     4 ||     4
 Cast: Corona            |     6 |       |       ||     6
       Ensorcelled Hiber |    31 |    37 |    94 ||   162
       Confuse           |       |     3 |    21 ||    24
  Use: Scroll            |       |     3 |     6 ||     9
 Stab: Sleeping          |    23 |    36 |    55 ||   114
       Distracted        |       |     1 |     2 ||     3
       Confused          |       |     3 |     6 ||     9
  Eat: Chunk             |    15 |    12 |    19 ||    46
Armor: Robe              |    14 |    11 |    20 ||    45
       Leather armour    |       |       |     9 ||     9
Dodge: Dodged            |    85 |    62 |   126 ||   273
Block: Buckler           |       |     4 |    32 ||    36
